 Dungeon Crawl Stone Soup version 0.23.2-1-ga50397a (webtiles) character file.

Game seed: 13907198715137298742

1075 Lickle the Agent of Entropy (level 8, 0/76 HPs)
             Began as a Gargoyle Abyssal Knight on Apr 23, 2019.
             Was a Priest of Lugonu.
             Slain by a bullfrog (2 damage)
             ... on level 6 of the Dungeon.
             The game lasted 00:13:07 (5678 turns).

Lickle the Agent of Entropy (GrAK)                  Turns: 5678, Time: 00:13:08

Health: 0/76       AC: 24    Str: 19    XL:     8   Next: 29%
Magic:  13/13      EV:  2    Int: 12    God:    Lugonu [***...]
Gold:   254        SH:  0    Dex:  9    Spells: 7/7 levels left

rFire    . . .     SeeInvis .   a - +1 mace
rCold    . . .     Gourm    .   (no shield)
rNeg     + + +     Faith    .   (armour currently unavailable)
rPois    ∞         Spirit   .   (helmet currently unavailable)
rElec    .         Reflect  .   (cloak currently unavailable)
rCorr    .         Harm     .   (gloves currently unavailable)
MR       .....     NoTele   +   (boots currently unavailable)
Stlth    +.........             p - amulet of magic regeneration
HPRegen  0.22/turn              (no ring)
MPRegen  0.38/turn              (no ring)

@: tree-form, starving
A: negative energy resistance 1, petrification resistance, rot immunity, AC +5
a: Depart the Abyss, Bend Space, Banish, Renounce Religion


You were on level 6 of the Dungeon.
You worshipped Lugonu.
Lugonu was most pleased with you.
You were starving.
You were a tree.
You visited 1 branch of the dungeon, and saw 6 of its levels.
You visited the Abyss 1 time.

You collected 254 gold pieces.

Inventory:

Hand Weapons
 a - a +1 mace (weapon)
Armour
 k - a +0 pair of gloves (melded)
 m - a +4 scale mail (melded)
Jewellery
 p - an amulet of magic regeneration (around neck)
Wands
 b - a wand of enslavement (7)
 d - a wand of iceblast (17)
 o - a wand of random effects (19)
 q - a wand of paralysis (11)
Scrolls
 e - 2 scrolls of remove curse
 f - 3 scrolls of identify
 g - a scroll of teleportation
 h - 3 scrolls of blinking
 j - 2 scrolls of immolation
Potions
 n - a potion of flight
Comestibles
 c - 4 rations


   Skills:
 + Level 6.1 Fighting
 - Level 2.0 Maces & Flails
 + Level 5.6 Armour
 - Level 0.7 Dodging
 - Level 7.5 Invocations


You had 7 spell levels left.
You didn't know any spells.
Your spell library contained the following spells:

 Spells                   Type           Power        Failure   Level  Hunger
 Animate Skeleton         Necr           N/A          32%         1    ##.....
 Apportation              Tloc           #.....       32%         1    ##.....
 Confusing Touch          Hex            #.....       32%         1    ##.....
 Summon Small Mammal      Summ           #...         32%         1    ##.....


Dungeon Overview and Level Annotations

Branches:
Dungeon (6/15)
 Temple: D:4-7

Altars:
Ashenzari
Dithmenos
Gozag
Sif Muna

Annotations:
D:6 Edmund


Innate Abilities, Weirdness & Mutations

You are resistant to torment.
((Your stone body is resilient. (AC +5)))
You are immune to poison.
You resist negative energy. (rN+)
((You are resistant to electric shocks. (rElec)))
((You can survive without breathing.))
You are immune to petrification.
You are immune to rotting.


Message History

You closely miss the bullfrog.
The bullfrog is moderately wounded.
The bullfrog hits you but does no damage.
The hound bites you but does no damage.
The bullfrog hits you but does no damage.
The hound bites you but does no damage.
Unknown command.
You hit the bullfrog.
The bullfrog is moderately wounded.
The bullfrog hits you.
* * * LOW HITPOINT WARNING * * *
The hound bites you but does no damage.
The bullfrog hits you but does no damage.
Unknown command.
You barely miss the bullfrog.
The bullfrog is moderately wounded.
The hound bites you but does no damage.
The bullfrog hits you but does no damage.
The hound bites you but does no damage. The bullfrog hits you.
You die...

#. #)###...# # #..# #.##.#
##..###.h##...#.# #..# #.##..
......†.@##...#.####..###.####
..............................
....####.##.#.#.............##
...................#)####.###
....####..#.#.######.# #.# #
#..#.#F# #.# #.# #..@.#♣#
####.####.#
#.#h.#h###........##
...#chhh...........####
.....####............'..#
......# #.............####
......# #.............# ......
##......######## #..........#
#..........#


You could see a bullfrog, a hound and 2 jackals.

Vanquished Creatures
  The ghost of Aske the Shield-Bearer, a novice HaFi (D:4)
  Sigmund (D:3)
  Eustachio (D:5)
  A bullfrog (D:4)
  A howler monkey (D:5)
  2 crimson imps
  2 jellies (D:5)
  2 iguanas
  Ijyb (D:4)
  A worker ant zombie (D:2)
  8 adders
  3 gnolls (D:4)
  A shadow imp (D:5)
  An ooze (D:3)
  4 worms
  2 dart slugs
  4 leopard geckos
  An orc (D:3)
  7 bats
  3 giant cockroaches (D:1)
  9 goblins
  4 hobgoblins
  12 jackals
  4 quokkas
  3 ball pythons
  4 frilled lizards
  4 kobolds
  A quokka skeleton (D:4)
  6 rats
94 creatures vanquished.

Notes
Turn   | Place    | Note
-------+----------+-------------------------------------------
     0 | Abyss:1  | Lickle the Gargoyle Abyssal Knight began the quest for the
                  | Orb.
     0 | Abyss:1  | Reached XP level 1. HP: 14/14 MP: 2/2
   181 | Abyss:1  | Noticed a ynoxinul
   183 | Abyss:1  | Noticed an eight-headed hydra skeleton
   187 | Abyss:1  | Noticed a starcursed mass
   189 | D:1      | Escaped the Abyss
   474 | D:1      | Reached * piety under Lugonu
   474 | D:1      | Reached XP level 2. HP: 19/19 MP: 3/3
   941 | D:2      | Reached XP level 3. HP: 21/23 MP: 5/5
   982 | D:2      | Reached skill level 3 in Invocations
  2012 | D:2      | Reached ** piety under Lugonu
  2012 | D:2      | Reached XP level 4. HP: 29/29 MP: 6/6
  2180 | D:3      | Found an opulent altar of Gozag.
  2504 | D:3      | Noticed Sigmund
  2537 | D:3      | Killed Sigmund
  2537 | D:3      | Reached skill level 5 in Invocations
  2537 | D:3      | Reached XP level 5. HP: 15/34 MP: 6/8
  2537 | D:3      | Reached XP level 6. HP: 17/39 MP: 6/9
  3024 | D:4      | Found a deep blue altar of Sif Muna.
  3317 | D:4      | Found a runed translucent door.
  3322 | D:4      | Noticed Aske's ghost (novice HaFi)
  3493 | D:4      | Noticed Ijyb
  3572 | D:4      | Killed Ijyb
  3729 | D:4      | Found a shadowy altar of Dithmenos.
  3936 | D:4      | Reached skill level 5 in Fighting
  3936 | D:4      | Reached XP level 7. HP: 44/44 MP: 11/11
  4232 | D:4      | Killed Aske's ghost
  4232 | D:4      | Reached skill level 5 in Armour
  4232 | D:4      | Reached skill level 6 in Invocations
  4454 | D:5      | Entered Level 5 of the Dungeon
  4514 | D:5      | Reached *** piety under Lugonu
  4709 | D:5      | Reached skill level 7 in Invocations
  4709 | D:5      | Reached XP level 8. HP: 32/51 MP: 13/13
  4730 | D:5      | Noticed Eustachio
  4819 | D:5      | Killed Eustachio
  5328 | D:5      | Found a shattered altar of Ashenzari.
  5574 | D:6      | Noticed Edmund
  5675 | D:6      | HP: 2/76 [bullfrog (2)]
  5678 | D:6      | Slain by a bullfrog

Skill      XL: |  1  2  3  4  5  6  7  8 |
---------------+-------------------------+-----
Invocations    | 3 5 7 |  7.5
Armour         | 3 4 5 |  5.6
Fighting       | 4 5 6 |  6.1
Maces & Flails | |  2.0
Dodging        | |  0.7

Action                   |  1- 3 |  4- 6 |  7- 9 || total
-------------------------+-------+-------+-------++-------
Melee: Mace              |   125 |   201 |   309 ||   635
Invok: Depart the Abyss  |     1 |       |       ||     1
       Bend Space        |       |     1 |       ||     1
  Use: Scroll            |     2 |    12 |     5 ||    19
       Potion            |     1 |     3 |     3 ||     7
  Eat: Chunk             |     2 |       |     2 ||     4
       Ration            |     1 |     1 |     1 ||     3
Armor: Leather armour    |    70 |       |       ||    70
       Skin              |     1 |    10 |    55 ||    66
       Scale mail        |       |   172 |   339 ||   511
Dodge: Dodged            |   100 |   139 |   283 ||   522
